 Dungeon Crawl Stone Soup version 0.30.1-11-g7821555f0a (webtiles) character file.

Game seed: 11196036015849480510

47 SacredBeard the Grave Robber (level 3, 0/24 HPs)
             Began as a Demonspawn Necromancer on Nov 29, 2023.
             Slain by Terence
             ... wielding a +0 flail
              (10 damage)
             ... on level 2 of the Dungeon.
             The game lasted 00:02:48 (1691 turns).

SacredBeard the Grave Robber (DsNe)                 Turns: 1691, Time: 00:02:49

Health: 0/24       AC:  4    Str:  8    XL:     3   Next: 48%
Magic:  5/6        EV: 12    Int: 16    God:
Gold:   58         SH:  0    Dex: 15    Spells: 5/6 levels left

rFire   . . .        f - +0 dagger
rCold   . . .        (no shield)
rNeg    . . .        a - +0 robe
rPois   .            (no helmet)
rElec   .            (no cloak)
rCorr   .            (no gloves)
SInv    .            (no boots)
Will    .....        (no amulet)
Stlth   ++           (no ring)
HPRegen 0.24/turn    (no ring)
MPRegen 0.10/turn

%: no passive effects
@: no status effects
A: thin metallic scales 1
a: no special abilities


You were on level 2 of the Dungeon.
You visited 1 branch of the dungeon, and saw 2 of its levels.

You collected 58 gold pieces.

Inventory:

Hand Weapons
 f - a +0 dagger (weapon)
Missiles
 c - 14 stones
Armour
 a - a +0 robe (worn)
Scrolls
 d - a scroll of teleportation {unknown}
 i - a scroll of noise {unknown}
 j - a scroll of enchant weapon {unknown}
Potions
 e - a potion of might {unknown}
 g - a potion of curing {unknown}
 h - a potion of attraction {unknown}


   Skills:
 - Level 2.0 Dodging
 - Level 2.0 Stealth
 - Level 2.0 Spellcasting
 + Level 5.6 Necromancy


You had 5 spell levels left.
You knew the following spells:

 Your Spells              Type           Power      Damage    Failure   Level
a - Necrotise             Necr           76%        1d7       1%          1

Your spell library contained the following spells:

 Spells                   Type           Power      Damage    Failure   Level
 Vampiric Draining        Necr           19%        2d7       6%          3
 Animate Dead             Necr           19%        N/A       21%         4
 Agony                    Necr           19%        N/A       50%         5


Dungeon Overview and Level Annotations

Branches:
Dungeon (2/15) Zot: 10303

Altars:

Annotations:
D:2 Terence


Innate Abilities, Weirdness & Mutations

You are partially covered in thin metallic scales. (AC +2)


Message History

You can't see any susceptible monsters within range! (Use Z to cast anyway.)
You can't see any susceptible monsters within range! (Use Z to cast anyway.)
Your hobgoblin skeleton crumbles into dust!
A rat comes into view.
You miscast Necrotise.
You are very lightly contaminated with residual magic.
Nothing appears to happen.
The rat writhes in agony.
You kill the rat!
The dead are walking!
You can't see any susceptible monsters within range! (Use Z to cast anyway.)
You can't see any susceptible monsters within range! (Use Z to cast anyway.)
You can't see any susceptible monsters within range! (Use Z to cast anyway.)
Your magical contamination has completely faded away.
Terence the Incautious comes into view.
He is wielding a +0 flail.
Terence writhes in agony.
Terence writhes in agony.
Terence asks, "Do you want it fast or slow?"
Terence writhes in agony.
Terence drinks a potion.
Terence goes berserk!
Terence writhes in agony.
Terence hits your rat skeleton with a +0 flail.
Your rat skeleton bites Terence but does no damage.
Terence hits your rat skeleton with a +0 flail!
Your rat skeleton is destroyed!
Terence shouts!
Terence writhes in agony.
You are out of magic!
You are out of magic!
You are out of magic!
Terence rages.
Magic courses through your body. Terence hits you with a +0 flail!
Ouch! That really hurt!
Casting: Necrotise (safe; 1% risk of failure)
Confirm with . or Enter, or press ? or * to list all spells.
Aiming: Necrotise (safe; 1% risk of failure)
Press: ? - help, Shift-Dir - straight line, f/p - Terence
Aim: Terence, wielding a +0 flail and wearing a +0 chain mail (severely wounded, berserk, chance to affect: 84%) Terence barely resists.
Terence completely misses you. Terence hits you with a +0 flail!
You die...

.#. ... # .. #. .# ..
.###.####.# #. ..........
#. .........###.# .# #.
........@....# ..# #.
........@###########.####
.........######.#........
###.............#.##.#
#...#########...##.#
..... ###.##.#### ..#...
#........# . #..
#.###.##.# ... #.....##.#
###.#.....


You could see Terence (berserk).

Vanquished Creatures
  A worm (D:2)
  A dart slug (D:1)
  5 endoplasms
  A giant cockroach (D:1)
  3 goblins (D:1)
  5 hobgoblins
  2 jackals (D:2)
  3 ball pythons
  6 bats (D:1)
  A frilled lizard (D:1)
  4 kobolds (D:1)
  5 rats
37 creatures vanquished.

Vanquished Creatures (collateral kills)
  A jackal (D:2)
  A frilled lizard (D:1)
2 creatures vanquished.

Grand Total: 39 creatures vanquished

Notes
Turn   | Place    | Note
-------+----------+-------------------------------------------
     0 | D:1      | SacredBeard the Demonspawn Necromancer began the quest for
                  | the Orb.
     0 | D:1      | Reached XP level 1. HP: 13/13 MP: 3/3
   272 | D:1      | Gained mutation: You are partially covered in thin metallic
                  | scales. (AC +2) [demonic ancestry]
   272 | D:1      | Reached XP level 2. HP: 18/19 MP: 3/5
   474 | D:1      | Reached skill level 5 in Necromancy
  1167 | D:1      | Reached XP level 3. HP: 24/24 MP: 4/6
  1682 | D:2      | Noticed Terence
  1691 | D:2      | Slain by Terence

Illustrated notes

Levels and vault maps discovered:
D:1:      lemuel_arrival_cross, layout_basic, minmay_box_of_dots
D:2:      layout_basic, uniq_terence

Skill      XL: |  1  2 |
---------------+-------+-----
Stealth        | 2 |  2.0
Dodging        | 2 |  2.0
Necromancy     | 5 |  5.6
Spellcasting   | |  2.0

Action                     || total
---------------------------++-------
  Melee: Club              ||    16
         Dagger            ||     5
   Cast: Necrotise         ||    80
    Use: Potion            ||     1
 Armour: Robe              ||    13
  Dodge: Dodged            ||    40
